 Dungeon Crawl Stone Soup version 0.24.1-1-gd1d2a07e1b (webtiles) character file.

Game seed: 15520880852941528825, levelgen mode: deterministic

49 BowlsofSteal the Insei (level 3, 0/26 HPs)
             Began as a Demonspawn Transmuter on Apr 11, 2020.
             Succumbed to an adder's poison
             ... on level 2 of the Dungeon.
             The game lasted 00:07:44 (1566 turns).

BowlsofSteal the Insei (Demonspawn Transmuter)      Turns: 1566, Time: 00:07:45

Health: 0/26       AC:  5    Str: 10    XL:     3   Next: 53%
Magic:  0/7        EV: 12    Int: 15    God:
Gold:   54         SH:  0    Dex: 13    Spells: 1/7 levels left

rFire    . . .     SeeInvis .   m - +0 mace
rCold    . . .     Gourm    .   (no shield)
rNeg     . . .     Faith    .   o - +0 robe
rPois    .         Spirit   +   (no helmet)
rElec    .         Reflect  .   n - +0 cloak
rCorr    .         Harm     .   (no gloves)
MR       +....                  (no boots)
Stlth    +.........             (no amulet)
HPRegen  0.08/turn              l - ring of protection from magic
MPRegen  0.10/turn              (no ring)

@: lethally poisoned (0 -> -6)
A: thin metallic scales 1, magic shield
a: no special abilities


You were on level 2 of the Dungeon.
You were not hungry.

You visited 1 branch of the dungeon, and saw 2 of its levels.

You collected 54 gold pieces.

Inventory:

Hand Weapons
 c - a +0 hunting sling
 g - a +0 dagger
 m - a +0 mace (weapon)
 t - a +0 mace
Missiles
 a - 11 arrows
 e - 71 stones (quivered)
 f - 8 boomerangs
 s - 47 bolts
Armour
 b - a +0 robe
 n - a +0 cloak (worn)
 o - a +0 robe (worn)
Jewellery
 l - a ring of protection from magic (left hand)
Scrolls
 h - 2 scrolls of remove curse {unknown}
 i - 2 scrolls of identify {unknown}
 q - a scroll of enchant armour {unknown}
Potions
 j - a potion of lignification
 p - a potion of agility {unknown}
 r - a potion of curing {unknown}
Comestibles
 d - 3 rations
 k - 7 chunks of flesh


   Skills:
 + Level 1.2 Fighting
 + Level 0.4 Maces & Flails
 + Level 2.0 Dodging
 + Level 0.1 Stealth
 + Level 3.2 Unarmed Combat
 + Level 2.7 Spellcasting
 + Level 2.0 Transmutations


You had one spell level left.
You knew the following spells:

 Your Spells              Type           Power        Failure   Level  Hunger
a - Beastly Appendage     Tmut           #.....       9%          1    #......
b - Sticks to Snakes      Tmut           #.......     14%         2    ##.....
c - Spider Form           Tmut/Pois      #.........   38%         3    ###....

Your spell library contained the following spells:

 Spells                   Type           Power        Failure   Level  Hunger
 Ice Form                 Ice/Tmut       #.......     80%         4    #####..
 Blade Hands              Tmut           #.........   94%         5    ######.


Dungeon Overview and Level Annotations

Branches:
Dungeon (2/15)

Altars:


Innate Abilities, Weirdness & Mutations

You are partially covered in thin metallic scales. (AC +2)
When hurt, damage is shared between your health and your magic reserves.


Message History

The goblin is moderately wounded.
* * * LOW HITPOINT WARNING * * *
You feel sick.
The giant cockroach waves its antennae.
The goblin closely misses you.
You sock the goblin!
You kill the goblin!
The frilled lizard closely misses you.
You miss the frilled lizard.
Your talons disappear.
* * * LOW HITPOINT WARNING * * *
You feel sick. The frilled lizard barely misses you.
You barely miss the frilled lizard.
* * * LOW HITPOINT WARNING * * *
You feel sick.
The frilled lizard bites you but does no damage. x2
You closely miss the frilled lizard. The frilled lizard bites you.
You hit the frilled lizard.
You kill the frilled lizard!
You die...

#.#.###......#####
#.#..............
#.##############.#
#.# #.# #.#####
#.....# #.....#
#@....# #)#####
#.....s.......
#.####........
#........
#........
#........
#........
#....)..$


You could see a giant cockroach.

Vanquished Creatures
  A gnoll (D:1)
  An adder (D:2)
  An ooze (D:1)
  A worm (D:2)
  A dart slug (D:1)
  3 bats
  2 giant cockroaches (D:1)
  3 goblins
  3 hobgoblins (D:1)
  A quokka (D:2)
  A frilled lizard (D:2)
  2 rats (D:1)
20 creatures vanquished.

Vanquished Creatures (collateral kills)
  A leopard gecko (D:2)
  A bat (D:2)
  A rat (D:2)
3 creatures vanquished.

Grand Total: 23 creatures vanquished

Notes
Turn   | Place    | Note
-------+----------+-------------------------------------------
     0 | D:1      | BowlsofSteal the Demonspawn Transmuter began the quest for
                  | the Orb.
     0 | D:1      | Reached XP level 1. HP: 15/15 MP: 3/3
   344 | D:1      | Reached skill level 3 in Unarmed Combat
   344 | D:1      | Gained mutation: You are partially covered in thin metallic
                  | scales. (AC +2) [demonic ancestry]
   344 | D:1      | Reached XP level 2. HP: 19/21 MP: 3/5
   356 | D:1      | Learned a level 2 spell: Sticks to Snakes
  1111 | D:1      | Gained mutation: When hurt, damage is shared between your
                  | health and your magic reserves. [demonic ancestry]
  1111 | D:1      | Reached XP level 3. HP: 23/26 MP: 4/6
  1334 | D:1      | Learned a level 3 spell: Spider Form
  1564 | D:2      | HP: 1/26 [poisoned by an adder]
  1566 | D:2      | Succumbed to an adder's poison

Levels and vault maps discovered:
D:1:      dpeg_arrival_leaves_temple_mockup, layout_loops_corners
D:2:      layout_basic

Skill      XL: |  1  2  3 |
---------------+----------+-----
Unarmed Combat | 3 |  3.2
Dodging        | 2 |  2.0
Transmutations | 2 |  2.0
Fighting       | |  1.2
Maces & Flails | |  0.4
Stealth        | |  0.1
Spellcasting   | |  2.7

Action                   || total
-------------------------++-------
Melee: Unarmed           ||    27
       Kick              ||     6
       Headbutt          ||     4
       Mace              ||    43
 Cast: Beastly Appendage ||    18
       Sticks to Snakes  ||     1
  Use: Potion            ||     1
  Eat: Chunk             ||     2
Armor: Robe              ||    27
Dodge: Dodged            ||    77
